 Dungeon Crawl Stone Soup version 0.30-a0-218-gedb9141078 (webtiles) character file.

Game seed: 12998234716391278780

84 KennySheep the Ogre Mage (level 4, 42/42 HPs)
             Began as an Ogre Hedge Wizard on Oct 5, 2022.
             Was an Initiate of Fedhas.
             Got out of the dungeon alive.
             The game lasted 00:08:04 (3029 turns).

KennySheep the Ogre Mage (Ogre Hedge Wizard)        Turns: 3029, Time: 00:08:04

Health: 42/42      AC:  4    Str: 16    XL:     4   Next: 45%
Magic:  10/10      EV:  9    Int: 15    God:    Fedhas [......]
Gold:   137        SH:  0    Dex:  8    Spells: 3/11 levels left

rFire   . . .      SeeInvis +    a - +0 dagger
rCold   . . .      Faith    .    (no shield)
rNeg    . . .      Spirit   .    b - +0 robe
rPois   .          Reflect  .    c - +0 hat
rElec   .          Harm     .    o - +0 cloak
rCorr   .          Rampage  .    (gloves unavailable)
Will    .....                    (boots unavailable)
Stlth   +.........               (no amulet)
HPRegen 0.27/turn                i - +4 ring of slaying
MPRegen 0.12/turn                g - ring of see invisible

@: no status effects
A: large, unfitting armour, tough skin 1
a: Renounce Religion


You escaped.
You worshipped Fedhas.
Fedhas was noncommittal.
You visited 1 branch of the dungeon, and saw 3 of its levels.

You collected 137 gold pieces.

Inventory:

Hand Weapons
 a - a +0 dagger (weapon)
 n - the +6 great sword of Zumuxzy {vorpal, Str+4}
   (You found it on level 2 of the Dungeon)

   It inflicts extra damage upon your enemies.
   Str:       It affects your strength (+4).
Armour
 b - a +0 robe (worn)
 c - a +0 hat (worn)
 o - a +0 cloak (worn)
Jewellery
 g - a ring of see invisible (right hand)
 i - a +4 ring of slaying (left hand)
Scrolls
 f - a scroll of enchant weapon {unknown}
 h - a scroll of enchant armour
 j - a scroll of fear
 k - a scroll of torment
 l - a scroll of noise
 p - a scroll of amnesia
 r - a scroll of silence {unknown}
Potions
 d - a potion of magic
 e - a potion of degeneration {unknown}
 m - 4 potions of brilliance {unknown}
 q - a potion of might {unknown}


   Skills:
 + Level 2.2 Fighting
 - Level 1.7 Dodging
 - Level 1.4 Stealth
 * Level 2.4 Unarmed Combat
 + Level 4.2 Spellcasting
 - Level 0.8 Conjurations
 - Level 0.8 Summonings
 - Level 0.8 Translocations
 + Level 0.5 Invocations


You had 3 spell levels left.
You knew the following spells:

 Your Spells              Type           Power      Damage    Failure   Level
a - Magic Dart            Conj           20%        1d4       13%         1
b - Blink                 Tloc           10%        N/A       19%         2
c - Call Imp              Summ           5%         N/A       19%         2
d - Cigotuvi's Dreadful   Necr/Pois/Air  6%         N/A       26%         2
e - Slow                  Hex            12%        N/A       19%         1

Your spell library contained the following spells:

 Spells                   Type           Power      Damage    Failure   Level
 Mephitic Cloud           Conj/Pois/Air  4%         N/A       43%         3


Dungeon Overview and Level Annotations

Branches:
Dungeon (3/15)

Altars:
Fedhas


Innate Abilities, Weirdness & Mutations

You are too large for most types of armour.
You have tough skin. (AC +1)


Message History

p - 2 scrolls labelled FEWAMA ESUACEPP You now have 137 gold pieces (gained 8).
q - a silvery potion
As you read the scroll labelled FEWAMA ESUACEPP, it crumbles to dust.
It is a scroll of amnesia.
Really abort (and waste the scroll)?
Okay, then.
You walk carefully through the plants.
You walk carefully through the plants.
You walk carefully through the plants.
Found a leather armour.
You see here a +0 leather armour.
A rat comes into view.
A rat is nearby!
A rat is nearby!
You miscast Magic Dart.
You are very lightly contaminated with residual magic.
Nothing appears to happen.
The magic dart hits the rat.
You kill the rat!
Fedhas appreciates your contribution to the ecosystem.
You can't see any susceptible monsters within range! (Use Z to cast anyway.)
Your magical contamination has completely faded away.
Magic restored.
r - a scroll labelled OXOUNI EPOAT
Found a stone staircase leading up.
Casting: Magic Dart (safe; 13% risk of failure)
Confirm with . or Enter, or press ? or * to list all spells.
Okay, then.
Found 7 gold pieces.
There is a stone staircase leading up here.
You climb upwards.
There is a stone staircase leading down here.
There is a stone staircase leading up here.
You climb upwards.
There is a stone staircase leading down here.
There is an open door here.
There is a staircase leading out of the dungeon here.
Are you sure you want to leave the Dungeon?
This will make you lose the game!
You have escaped!

#.#...#######...###
#.#..##.....##....##
#.#.##.......##[...#
#...#.........#....#
#...#.........#....##
###.#......###'###..##
##.#.....##..#..##..#
#..#....##.>.#...##.#
#..##...#.@.##....#.#
#...##..#..##.....#.#
#....###'###......#.#
##......#.........#.#
#......#.........#.#
####......##.......##.#
#..........##.....##..#
##...P..###..#######...#
##.P.♣PP.####..........##


There were no monsters in sight!

Vanquished Creatures
  4 adders (D:2)
  2 worms (D:2)
  A dart slug (D:1)
  3 ball pythons
  3 endoplasms (D:2)
  A giant cockroach (D:1)
  7 goblins
  3 hobgoblins
  2 jackals (D:2)
  4 kobolds
  4 bats
  2 frilled lizards (D:1)
  3 rats
39 creatures vanquished.

Vanquished Creatures (others)
  2 plants (D:1)
2 creatures vanquished.

Grand Total: 41 creatures vanquished

Notes
Turn   | Place    | Note
-------+----------+-------------------------------------------
     0 | D:1      | KennySheep the Ogre Hedge Wizard began the quest for the
                  | Orb.
     0 | D:1      | Reached XP level 1. HP: 16/16 MP: 5/5
   295 | D:1      | Reached XP level 2. HP: 26/26 MP: 1/6
   298 | D:1      | Learned a level 2 spell: Blink
   301 | D:1      | Learned a level 2 spell: Call Imp
   304 | D:1      | Learned a level 2 spell: Cigotuvi's Dreadful Rot
   426 | D:1      | Reached skill level 1 in Fighting
   426 | D:1      | Reached skill level 1 in Unarmed Combat
  1370 | D:2      | Reached XP level 3. HP: 33/33 MP: 0/8
  1514 | D:2      | Reached skill level 4 in Spellcasting
  1762 | D:2      | Found a blossoming altar of Fedhas.
  1771 | D:2      | Became a worshipper of Fedhas Madash
  1880 | D:2      | Reached XP level 4. HP: 42/42 MP: 3/10
  1884 | D:2      | Learned a level 1 spell: Slow
  2484 | D:2      | Identified the +6 great sword of Zumuxzy {vorpal, Str+4}
  3029 | D:$      | Got out of the dungeon alive.

Illustrated notes

Levels and vault maps discovered:
D:1:      co_arrival_two_rings, layout_loops_ring, serial_forest,
          infiniplex_forest_pool, infiniplex_forest_lined_4_way,
          infiniplex_forest_clump_small, infiniplex_forest_lined_room_2,
          infiniplex_forest_clump_C, infiniplex_forest_fountain,
          infiniplex_forest_lined_room_2, infiniplex_forest_straight_4,
          kennysheep_nondescript
D:2:      layout_basic, basic_altar
D:3:      layout_rooms, serial_forest, infiniplex_forest_clump_medium,
          infiniplex_forest_3_way, infiniplex_forest_lined_corner,
          infiniplex_forest_lined_room_3, infiniplex_forest_straight_2,
          serial_shops, nicolae_shop_bloodbath_and_beyond, grunt_ministairs_7

Skill      XL: |  1  2  3 |
---------------+----------+-----
Fighting       | 1 2 |  2.2
Unarmed Combat | 1 2 |  2.4
Spellcasting   | 4 |  4.2
Dodging        | |  1.7
Stealth        | |  1.4
Conjurations   | |  0.8
Summonings     | |  0.8
Translocations | |  0.8
Invocations    | |  0.5

Action                   |  1- 3 |  4- 6 || total
-------------------------+-------+-------++-------
Melee: Dagger            |    35 |     3 ||    38
       Punch             |     1 |       ||     1
 Cast: Magic Dart        |    83 |    35 ||   118
  Use: Scroll            |       |     5 ||     5
Armor: Robe              |    12 |     5 ||    17
Dodge: Dodged            |    24 |    10 ||    34

Table legend: (Time is in decaauts)
 A = Elapsed time spent in this place.
 B = Non-inter-level travel time spent in this place.
 C = Inter-level travel time spent in this place.
 D = Time resting spent in this place.
 E = Time spent auto-exploring this place.
 F = Levels seen in this place.
 G = Mean time per level.
                   A        B        C        D        E       F      G
               +--------+--------+--------+--------+--------+-----+--------+
         Total |   3031 |   2843 |    188 |    353 |   2166 |   3 | 1010.3 |
       Dungeon |   3031 |   2843 |    188 |    353 |   2166 |   3 | 1010.3 |
               +--------+--------+--------+--------+--------+-----+--------+

Top non-repeatable levels by time:
     D:2: 1602 daAuts
     D:1: 1298 daAuts
     D:3: 130 daAuts
